 Dungeon Crawl Stone Soup version 0.30.0-12-gd5a94ecb5d (webtiles) character file.

Game seed: 17487466457691824804

16490 Erymatos the Severer (level 12, -3/108 HPs)
             Began as a Minotaur Berserker on May 17, 2023.
             Was an Elder of Trog.
             Slain by a water elemental (15 damage)
             ... on level 13 of the Dungeon.
             The game lasted 00:23:08 (12634 turns).

Erymatos the Severer (Minotaur Berserker)          Turns: 12634, Time: 00:23:09

Health: -3/108     AC: 12    Str: 27    XL:     12   Next: 10%
Magic:  3/3        EV: 13    Int:  4    God:    Trog [****..]
Gold:   836        SH:  0    Dex: 10    Spells: 11/11 levels left

rFire   + . .        K - +2 executioner's axe (antimagic)
rCold   + . .        (shield currently unavailable)
rNeg    . . .        u - +0 ring mail {rC+}
rPois   .            (helmet restricted)
rElec   .            (no cloak)
rCorr   .            k - +0 pair of gloves
SInv    .            (no boots)
Will    ++...        (no amulet)
Stlth   +            c - +4 ring of protection
HPRegen 1.38/turn    g - ring of protection from fire
MPRegen 0.08/turn

%: no passive effects
@: engulfed (cannot breathe), strong-willed, on berserk cooldown, regenerating,
slowed, very slow
A: horns 2, retaliatory headbutt
a: Renounce Religion, Berserk, Trog's Hand, Brothers in Arms


You were on level 13 of the Dungeon.
You worshipped Trog.
Trog was greatly pleased with you.
You visited 1 branch of the dungeon, and saw 13 of its levels.
You also visited: Bailey.

You collected 836 gold pieces.

Inventory:

Hand Weapons
 t - a +5 dire flail of protection
 G - a +0 war axe
 K - a +2 antimagic executioner's axe (weapon)
Missiles
 p - 2 throwing nets (quivered)
Armour
 k - a +0 pair of gloves (worn)
 u - a +0 ring mail of cold resistance (worn)
Jewellery
 c - a +4 ring of protection (left hand)
 g - a ring of protection from fire (right hand)
 m - an amulet of magic regeneration
 C - a ring of ice
Wands
 o - a wand of flame (25)
 s - a wand of mindburst (11)
 x - a wand of roots (15)
 M - a wand of quicksilver (7)
 N - a wand of paralysis (3)
Scrolls
 d - 4 scrolls of immolation {unknown}
 f - 4 scrolls of noise {unknown}
 h - 4 scrolls of enchant armour {unknown}
 j - 4 scrolls of poison {unknown}
 l - 10 scrolls of identify {unknown}
 q - 3 scrolls of enchant weapon {unknown}
 r - 4 scrolls of fog {unknown}
 v - a scroll of torment {unknown}
 y - a scroll of vulnerability {unknown}
 A - a scroll of silence {unknown}
 B - 3 scrolls of fear {unknown}
 E - 2 scrolls of teleportation {unknown}
 F - a scroll of acquirement
 O - a scroll of magic mapping {unknown}
 P - a scroll of brand weapon {unknown}
Potions
 a - 4 potions of heal wounds
 b - 3 potions of flight
 e - a potion of might {unknown}
 i - 3 potions of haste
 n - a potion of berserk rage {unknown}
 w - 4 potions of mutation {unknown}
 z - 6 potions of curing {unknown}
 D - a potion of resistance
 H - a potion of invisibility {unknown}
 I - a potion of magic {unknown}
 J - a potion of experience {unknown}
Miscellaneous
 L - a piece from Xom's chessboard (15/15)


   Skills:
 + Level 10.8 Fighting
 + Level 16.5 Axes
 + Level 10.1 Armour
 + Level 8.4 Dodging
 + Level 3.4 Stealth


You had 11 spell levels left.
You didn't know any spells.
Your spell library was empty.

Dungeon Overview and Level Annotations

Branches:
Dungeon (13/15)            Temple (0/1) D:7            Lair (0/5) D:10
    Orc (0/2) D:12         Bailey (visited)
 Vaults: D:13-14

Altars:
Cheibriados
Fedhas
Gozag
Hepliaklqana
Okawaru
Ru
Wu Jian
The Shining One

Annotations:
D:12 Azrael


Innate Abilities, Weirdness & Mutations

You have a pair of horns on your head.
You reflexively headbutt those who attack you in melee.


Message History

The hell hound misses you. The hell hound bites you. Azrael gestures at you.
The bolt of fire hits the fire elemental.
The fire elemental completely resists.
The bolt of fire hits the hell hound.
The hell hound completely resists.
The bolt of fire misses you. The hell hound breathes flames at you.
The blast of flame misses you.
The hell hound attacks as you move away!
The hell hound barely misses you. x2
There is a stone staircase leading down here.
The hell hound bites you but does no damage.
The hell hound closely misses you.
You climb downwards.
Found a runed rapier and an amethyst potion.
Found an escape hatch in the floor.
Found a stone staircase leading down.
There is a stone staircase leading up here.
You hit the hell hound.
The hell hound is severely wounded.
The komodo dragon hisses angrily.
The hell hound bites you.
The hell hound bites you but does no damage.
Unknown command.
You're still recovering from your berserk rage.
You barely miss the hell hound. Your headbutt misses the hell hound.
The hell hound is severely wounded.
The hell hound barely misses you. The hell hound bites you. x2
Unknown command.
You hit the hell hound. You headbutt the hell hound.
You kill the hell hound!
Trog accepts your kill.
You slice the komodo dragon!! The komodo dragon bites you!!
You slash the komodo dragon!
The komodo dragon is severely wounded.
You slash the water elemental! The komodo dragon bites you.
The water elemental hits you.
The water elemental engulfs you in water!
The komodo dragon bites you!!
* * * LOW HITPOINT WARNING * * *
The water elemental hits you!
You die...

# ##≈
####≈≈#########
≈≈≈≈≈..........
#.....l@.......
+.....E†.......
#..............
#...>........>)
#............!.
###############


You could see a komodo dragon and a water elemental.

Vanquished Creatures
  An orc warlord (Bailey)
  The ghost of grizmgrazm2 the Grappler, a journeyman TrTm of Makhleb (D:11)
  Josephine (D:12)
  3 two-headed ogres
  A deep elf pyromancer (D:9)
  An ugly thing (D:12)
  An orc knight (Bailey)
  A gargoyle (D:11)
  The ghost of Dadi the Trooper, a novice GrMo of the Shining One (D:5)
  An unseen horror (D:11)
  3 trolls
  3 slime creatures (D:12)
  Sigmund (D:3)
  2 vampires
  2 wraiths (D:12)
  9 yaks
  2 wyverns
  A basilisk (D:12)
  A steam dragon (D:5)
  Edmund (D:4)
  3 wargs (D:10)
  An acid dragon (D:11)
  2 hell hounds
  A black bear (shapeshifter) (D:11)
  15 orc warriors
  3 sky beasts
  3 black bears (D:6)
  3 ice beasts
  3 ogres
  2 centaurs
  4 phantoms
  3 kobold brigands
  4 bullfrogs
  4 scorpions
  5 wights (D:10)
  6 killer bees (D:9)
  An electric eel (D:7)
  6 howler monkeys
  A crimson imp (D:4)
  4 hounds
  2 jellies
  9 orc priests
  Natasha (thrice) (D:2)
  A gnoll bouda (D:5)
  3 iguanas
  16 orc wizards
  18 gnolls
  6 adders
  5 white imps
  A worm (D:3)
  2 dart slugs
  47 orcs
  3 ball pythons
  11 endoplasms
  4 giant cockroaches
  16 goblins
  15 hobgoblins
  5 jackals
  21 kobolds
  2 quokkas
  4 bats
  2 frilled lizards
  5 rats
312 creatures vanquished.

Vanquished Creatures (collateral kills)
  A wraith (D:12)
  A hell hound (D:12)
2 creatures vanquished.

Vanquished Creatures (others)
  An adder (D:5)
  An orc (D:5)
2 creatures vanquished.

Grand Total: 316 creatures vanquished

Notes
Turn   | Place    | Note
-------+----------+-------------------------------------------
     0 | D:1      | Erymatos the Minotaur Berserker began the quest for the
                  | Orb.
     0 | D:1      | Reached XP level 1. HP: 19/19 MP: 0/0
    86 | D:1      | Reached XP level 2. HP: 21/27 MP: 1/1
   122 | D:1      | Reached skill level 4 in Axes
   182 | D:1      | Found a faded altar of an unknown god.
   550 | D:2      | Noticed Natasha
   556 | D:2      | Killed Natasha
   557 | D:2      | Reached XP level 3. HP: 34/34 MP: 2/2
   592 | D:2      | Noticed Natasha
   599 | D:2      | Killed Natasha
   600 | D:2      | Reached XP level 4. HP: 34/41 MP: 3/3
   715 | D:2      | Noticed Natasha
   729 | D:2      | Killed Natasha
   730 | D:2      | Reached skill level 5 in Axes
   889 | D:2      | Reached ** piety under Trog
  1057 | D:2      | Reached XP level 5. HP: 44/47 MP: 4/4
  1437 | D:3      | Found a snail-covered altar of Cheibriados.
  1534 | D:3      | Found a hazy altar of Hepliaklqana.
  1668 | D:3      | Noticed Sigmund
  1681 | D:3      | Found a glowing golden altar of the Shining One.
  1904 | D:3      | Killed Sigmund
  1905 | D:3      | Reached skill level 5 in Fighting
  1905 | D:3      | Reached skill level 6 in Axes
  1905 | D:3      | Reached skill level 1 in Stealth
  1905 | D:3      | Reached XP level 6. HP: 56/56 MP: 5/5
  2430 | D:4      | Noticed Edmund
  2440 | D:4      | Killed Edmund
  2441 | D:4      | Reached skill level 7 in Axes
  2441 | D:4      | Reached XP level 7. HP: 54/61 MP: 6/6
  2557 | D:4      | Found an ornate altar of the Wu Jian Council.
  2566 | D:4      | Found an opulent altar of Gozag.
  2567 | D:4      | Found an iron altar of Okawaru.
  2884 | D:4      | Identified the +4 dagger "Tecaoc" {freeze, rElec rC++
                  | Will-}
  3208 | D:5      | Entered Level 5 of the Dungeon
  3218 | D:5      | Noticed a steam dragon
  3227 | D:5      | Reached skill level 5 in Armour
  3235 | D:5      | Killed a steam dragon
  3372 | D:5      | Reached XP level 8. HP: 63/70 MP: 7/7
  3420 | D:5      | Found a runed translucent door.
  3440 | D:5      | Reached skill level 8 in Axes
  4028 | D:5      | Noticed Dadi's ghost (novice GrMo)
  4048 | D:5      | Killed Dadi's ghost
  4049 | D:5      | Reached skill level 9 in Axes
  4863 | D:6      | Reached skill level 5 in Dodging
  5266 | D:6      | Reached XP level 9. HP: 78/78 MP: 8/8
  5364 | D:6      | Reached *** piety under Trog
  5474 | D:6      | Reached skill level 10 in Axes
  5981 | D:7      | Found a blossoming altar of Fedhas.
  5983 | D:7      | Found a sacrificial altar of Ru.
  6429 | D:7      | Reached skill level 11 in Axes
  6534 | D:7      | Found a staircase to the Ecumenical Temple.
  6902 | D:8      | Found a flagged portal.
  6913 | D:8      | Reached XP level 10. HP: 65/88 MP: 9/9
  6936 | D:8      | Noticed a two-headed ogre
  6940 | Bailey   | Entered a bailey
  7321 | Bailey   | Reached skill level 12 in Axes
  7366 | Bailey   | Noticed an orc knight
  7381 | Bailey   | Killed an orc knight
  7597 | Bailey   | Reached **** piety under Trog
  7688 | Bailey   | Noticed an orc warlord
  7706 | Bailey   | Killed an orc warlord
  7707 | Bailey   | Reached skill level 13 in Axes
  8031 | D:8      | Killed a two-headed ogre
  8457 | D:8      | Acquired a +2 antimagic executioner's axe
  8888 | D:8      | Reached skill level 14 in Axes
  8888 | D:8      | Reached XP level 11. HP: 83/97 MP: 3/10
  9576 | D:9      | Noticed a two-headed ogre
  9582 | D:9      | Killed a two-headed ogre
  9640 | D:9      | Noticed a deep elf pyromancer
  9645 | D:9      | Killed a deep elf pyromancer
  9997 | D:10     | Entered Level 10 of the Dungeon
 10029 | D:10     | Found a staircase to the Lair.
 10409 | D:10     | Reached skill level 15 in Axes
 11012 | D:11     | Noticed a two-headed ogre
 11019 | D:11     | Killed a two-headed ogre
 11020 | D:11     | Reached skill level 10 in Fighting
 11146 | D:11     | Found a runed translucent door.
 11147 | D:11     | Noticed grizmgrazm2's ghost (journeyman TrTm)
 12063 | D:11     | Killed grizmgrazm2's ghost
 12064 | D:11     | Reached skill level 16 in Axes
 12090 | D:11     | Identified the staff of poison "Ekhlor" {rPois rF++}
 12367 | D:12     | Found a staircase to the Orcish Mines.
 12376 | D:12     | Noticed a red ugly thing
 12390 | D:12     | Killed a red ugly thing
 12391 | D:12     | Reached skill level 10 in Armour
 12598 | D:12     | Noticed Josephine
 12604 | D:12     | Reached XP level 12. HP: 103/103 MP: 3/11
 12606 | D:12     | Noticed Azrael
 12611 | D:12     | Killed Josephine
 12634 | D:13     | Slain by a water elemental

Illustrated notes

Levels and vault maps discovered:
D:1:      minmay_arrival_up_and_down, layout_rooms,
          dreamdust_ecumenical_altar_grove
D:2:      layout_loops_ring, uniq_natasha
D:3:      minmay_angry_zag, layout_loops_ring, overflow_temple_1_default,
          general_overflow_altar, tso_metal_star, uniq_sigmund
D:4:      layout_cave_pods, kennysheep_little_box,
          mainiacjoe_overflow_divided_tiny, minmay_fire_ice_demons, uniq_edmund
D:5:      layout_basic, gammafunk_ghost_grave
D:6:      layout_loops_corners, nicolae_nh_ransacked_shop
D:7:      layout_cave_pools, jmf_multi_god_temple,
          minmay_temple_entry_glassed_door, serial_rivers,
          chequers_serial_rivers_large_b, chequers_serial_rivers_micro_e,
          chequers_serial_rivers_room_a, chequers_serial_rivers_marsh,
          kennysheep_cross_room
D:8:      layout_loops_corners, nicolae_ossuary_entry_ruins, enter_bailey_2
D:9:      layout_roguey
D:10:     layout_roguey, erik_lair_orcish_takeover, grunt_ministairs_14
D:11:     layout_loops_ring, ebering_ghost_reflecting_pool,
          minmay_misc_feat_square, st_stairs_2, kennysheep_nondescript
D:12:     layout_basic, david_orc_2, serial_shops,
          nicolae_shop_bloodbath_and_beyond, minmay_misc_feat_chi, uniq_urug,
          uniq_josephine, uniq_azrael
D:13:     layout_roguey, grunt_vaults_entry_fortified, special_room
          [special_room_bee], water_maze_lemuel

Skill      XL: |  1  2  3  4  5  6  7  8  9 10 11 |
---------------+----------------------------------+-----
Axes           | 4 5 6 7 9 11 14 16 | 16.5
Fighting       | 4 5 6 8 9 10 | 10.8
Armour         | 3 4 6 7 8 9 10 | 10.1
Dodging        | 3 4 5 6 7 8 |  8.4
Stealth        | 1 2 3 |  3.4

Action                     |  1- 3 |  4- 6 |  7- 9 | 10-12 || total
---------------------------+-------+-------+-------+-------++-------
  Melee: Hand axe          |    51 |   140 |   328 |    34 ||   553
         Headbutt          |     7 |    23 |    58 |    62 ||   150
         Punch             |       |     1 |     7 |     2 ||    10
         War axe           |       |       |       |    94 ||    94
         Executioner's axe |       |       |       |   227 ||   227
 Invoke: Berserk           |     1 |     4 |    10 |    18 ||    33
         Trog's Hand       |       |     2 |     1 |     4 ||     7
         Brothers in Arms  |       |       |       |     1 ||     1
    Use: Potion            |       |       |     4 |       ||     4
         Scroll            |       |       |       |     1 ||     1
   Stab: Sleeping          |       |     1 |       |     1 ||     2
 Armour: Animal skin       |    17 |    15 |       |       ||    32
         Ring mail         |       |    44 |   146 |   134 ||   324
  Dodge: Dodged            |    32 |    83 |   147 |   240 ||   502
